Influenza vs Demolitions
Created - March 5, 2020 at 19:31
Goals
|
| Influenza |
4 |
3 |
2 |
9 |
| Demolitions |
1 |
0 |
4 |
5 |
|
Shots
|
| Influenza |
18 |
11 |
11 |
40 |
| Demolitions |
9 |
13 |
13 |
35 |
|
1st period
1. Demolitions , Spencer Machacek 35 (Taylor Beck 28, Daultan Leveillé 47) at 0:08
2. Influenza , Iiro Pakarinen 15 (Calvin de Haan 28, Paul Ladue 20) at 2:39
3. Influenza , Brandon Montour 5 (Kasperi Kapanen 9, Ryan Dzingel 15) at 10:31
4. Influenza , Iiro Pakarinen 16 (Andre Burakovsky 43, Bo Horvat 37) at 11:24
5. Influenza , Ryan Dzingel 27 (Calvin de Haan 29, Zac Dalpe 19) at 17:42
Penalties :
Spencer Machacek (Vic) for Holding (Minor) at 12:57
2nd period
6. Influenza , Paul Ladue 7 (Andre Burakovsky 44, Calvin de Haan 30) at 11:25
7. Influenza , Iiro Pakarinen 17 (Andre Burakovsky 45) at 17:13
8. Influenza , Jacob Josefson 7 (Calvin de Haan 31, Zac Dalpe 20) at 19:11
Penalties :
Robert Bortuzzo (Vic) for Tripping (Minor) at 12:00
3rd period
9. Influenza , Iiro Pakarinen 18 (Andre Burakovsky 46, Calvin de Haan 32) at 1:41
10. Demolitions , J.T. Brown 23 (Wiley Sherman 19, Joshua Leivo 16) at 4:02
11. Demolitions , Spencer Machacek 36 (Taylor Beck 29, Robert Bortuzzo 18) at 8:19
12. Demolitions , Phil McRae 12 (J.T. Brown 28, Joshua Leivo 17) at 9:16
13. Demolitions , Lane MacDermid 26 (Robert Bortuzzo 19, Dennis Everberg 39) at 10:17 (PP)
14. Influenza , Lucas Lessio 14 (Colton Sissons 9, Calvin de Haan 33) at 11:50
Penalties :
Andre Burakovsky (VJB) for Boarding (Minor) at 4:05, Lucas Lessio (VJB) for High sticking (Minor) at 9:44, Paul Ladue (VJB) for Tripping (Minor) at 19:51
Goalie Stats
Tyson Sexsmith (VJB), 30 saves from 35 shots - (0.857), W, 5-7-0, 60:00 minutes
Antti Raanta (Vic), 19 saves from 24 shots - (0.792), 36:01 minutes
Brandon Halverson (Vic), 12 saves from 16 shots - (0.750), L, 7-12-2, 23:59 minutes
Players Stats for Influenza
Player Name G A P +/- PIM S H SB GA TA FO MP PP MP PK MP
------------------------------------------------------------------------------------
Andre Burakovsky 0 4 4 3 2 8 1 1 1 1 0/1 20:54 2:07 0:00
Bo Horvat 0 1 1 3 0 2 2 1 0 0 17/36 20:50 2:07 0:00
Brandon Montour 1 0 1 3 0 4 0 2 0 2 0/0 16:12 0:00 0:19
Calvin de Haan 0 6 6 2 0 5 2 6 1 0 0/0 28:53 2:33 1:49
Colton Sissons 0 1 1 1 0 1 0 0 0 0 7/17 15:45 0:00 0:28
Dmitry Sinitsyn 0 0 0 0 0 0 1 1 0 0 0/0 15:04 1:25 0:51
Iiro Pakarinen 4 0 4 3 0 5 2 2 0 2 1/1 21:14 2:07 0:00
Jacob Josefson 1 0 1 0 0 2 0 0 0 1 1/3 8:49 0:00 0:30
Justin Bailey 0 0 0 1 0 1 2 0 1 0 1/1 16:44 1:51 0:00
Kasperi Kapanen 0 1 1 1 0 0 0 0 0 0 0/0 11:03 0:00 0:00
Luca Sbisa 0 0 0 5 0 1 1 0 1 1 0/0 21:50 2:33 0:40
Lucas Lessio 1 0 1 1 2 1 0 1 0 1 0/2 15:54 0:00 0:33
Nick Ritchie 0 0 0 0 0 1 1 0 0 0 0/0 8:14 0:00 0:00
Paul Ladue 1 1 2 0 2 4 3 2 0 1 0/0 25:05 1:25 1:41
Roland McKeown 0 0 0 0 0 0 0 1 0 0 0/0 12:55 0:00 0:00
Ryan Dzingel 1 1 2 1 0 1 0 0 0 0 0/0 14:33 1:51 1:39
Tom Kuhnhackl 0 0 0 0 0 1 0 0 1 0 0/0 8:42 0:00 0:28
Zac Dalpe 0 2 2 1 0 3 0 0 1 0 7/11 14:36 1:51 1:42
Players Stats for Demolitions
Player Name G A P +/- PIM S H SB GA TA FO MP PP MP PK MP
------------------------------------------------------------------------------------
Aaron Palushaj 0 0 0 0 0 0 0 0 0 0 0/0 0:00 0:00 0:00
Alex Hutchings 0 0 0 0 0 0 0 0 0 0 0/0 0:39 0:00 0:38
Andrej Nestrasil 0 0 0 -5 0 0 1 0 1 0 6/9 16:34 1:18 0:00
Christoph Bertschy 0 0 0 -1 0 0 0 0 1 0 1/3 7:40 0:00 0:48
Colton Sceviour 0 0 0 0 0 0 0 0 0 0 0/0 0:00 0:00 0:00
Daultan Leveillé 0 1 1 0 0 4 1 1 0 0 19/39 21:32 1:22 0:57
Dennis Everberg 0 1 1 -5 0 2 2 1 1 0 0/0 16:34 1:18 0:00
J.T. Brown 1 1 2 1 0 3 1 1 2 0 0/0 12:01 0:00 0:00
Jared Staal 0 0 0 -1 0 0 1 0 0 0 0/0 6:51 0:00 0:00
Joshua Leivo 0 2 2 1 0 1 0 2 0 1 0/0 12:01 0:00 0:00
Lane MacDermid 1 0 1 -5 0 2 0 3 1 3 1/1 17:31 1:18 0:57
Michael Prapavessis 0 0 0 0 0 0 0 1 0 0 0/0 4:14 0:00 0:00
Mitch Callahan 0 0 0 0 0 0 0 0 0 0 2/2 1:27 0:00 1:27
Nick Pryor 0 0 0 0 0 0 0 0 0 0 0/0 12:18 0:00 0:00
Phil Di Giuseppe 0 0 0 -1 0 1 0 0 0 0 0/0 6:51 0:00 0:00
Phil McRae 1 0 1 1 0 4 1 0 0 0 5/10 12:01 0:00 0:00
Robert Bortuzzo 0 2 2 -1 2 2 0 1 1 0 0/0 22:20 1:36 1:05
Ryan Pulock 0 0 0 -4 0 1 0 1 0 1 0/0 20:15 1:04 1:43
Spencer Machacek 2 0 2 0 2 10 0 1 2 0 1/4 21:28 1:22 0:53
Taylor Aronson 0 0 0 -4 0 0 1 2 0 0 0/0 20:15 1:04 1:43
Taylor Beck 0 2 2 0 0 3 3 2 0 0 3/4 22:51 1:22 2:16
Taylor Leier 0 0 0 0 0 0 0 0 0 0 0/0 0:00 0:00 0:00
Tommy Vannelli 0 0 0 0 0 2 0 0 0 0 0/0 13:14 0:00 1:10
Tyler Graovac 0 0 0 0 0 0 0 0 0 0 0/0 0:00 0:00 0:00
Wiley Sherman 0 1 1 -1 0 0 1 0 0 1 0/0 27:23 1:36 2:15
3 Stars
1 - Iiro Pakarinen (VJB)
2 - Calvin de Haan (VJB)
3 - Andre Burakovsky (VJB)
Power Play
Influenza - 0 on 2 Attempt(s) - 0.00%
Demolitions - 1 on 3 Attempt(s) - 33.33%
Penalty Kill
Influenza - 2 on 3 Attempt(s) - 66.67%
- Score 0 goal in Penalty Kill
Demolitions - 2 on 2 Attempt(s) - 100.00%
- Score 0 goal in Penalty Kill
Team Stat
Influenza - Hits : 15 - Faceoff Wins : 34 - Blocked Shots : 17 - Penalty Minutes : 6
Demolitions - Hits : 12 - Faceoff Wins : 38 - Blocked Shots : 16 - Penalty Minutes : 4
Official
Referees : Unknown
Linesman : Unknown
Game Notes
Brandon Halverson enters game at 17:42 of 1st period
11:25 of 2nd period - Influenza goal is going for a video replay. After video review, Goal.
Iiro Pakarinen has scored a Hat Trick!
Antti Raanta enters game at 1:41 of 3rd period
Finance
Level 1 -- Attendance: 2000 (100.00%) -- Ticket Income $26,000
Level 2 -- Attendance: 1000 (100.00%) -- Ticket Income $2,000
Total Attendance: 3000 (100.00%)
Total Ticket Income: $28,000
Other Income: $1,400
Total Income: $29,400
Influenza
5 vs 5 Forward
Center Left Wing Right Wing Time % Phy DF OF
1 Bo Horvat Andre Burakovsky Iiro Pakarinen 40 1 2 2
2 Colton Sissons Lucas Lessio Justin Bailey 30 1 2 2
3 Zac Dalpe Ryan Dzingel Kasperi Kapanen 20 1 2 2
4 Jacob Josefson Nick Ritchie Tom Kuhnhackl 10 1 2 2
5 vs 5 Defense
Defense Defense Time % Phy DF OF
1 Calvin de Haan Paul Ladue 40 1 2 2
2 Luca Sbisa Brandon Montour 30 1 2 2
3 Dmitry Sinitsyn Roland McKeown 20 1 2 2
4 Calvin de Haan Luca Sbisa 10 1 2 2
PowerPlay Forward
Center Left Wing Right Wing Time % Phy DF OF
1 Bo Horvat Andre Burakovsky Iiro Pakarinen 60 1 2 2
2 Zac Dalpe Ryan Dzingel Justin Bailey 40 1 2 2
PowerPlay Defense
Defense Defense Time % Phy DF OF
1 Calvin de Haan Luca Sbisa 60 1 2 2
2 Paul Ladue Dmitry Sinitsyn 40 1 2 2
Penalty Kill 4 Players Forward
Center Wing Time % Phy DF OF
1 Zac Dalpe Ryan Dzingel 60 1 2 2
2 Colton Sissons Tom Kuhnhackl 40 1 2 2
Penalty Kill 4 Players Defense
Defense Defense Time % Phy DF OF
1 Calvin de Haan Paul Ladue 60 1 2 2
2 Luca Sbisa Dmitry Sinitsyn 40 1 2 2
Penalty Kill - 3 Players Forward
Forward Time % Phy DF OF
1 Zac Dalpe 60 1 2 2
2 Colton Sissons 40 1 2 2
Penalty Kill - 3 Players Defense
Defense Defense Time % Phy DF OF
1 Calvin de Haan Paul Ladue 60 1 2 2
2 Luca Sbisa Dmitry Sinitsyn 40 1 2 2
4 vs 4 Forward
Center Wing Time % Phy DF OF
1 Bo Horvat Andre Burakovsky 60 1 2 2
2 Zac Dalpe Iiro Pakarinen 40 1 2 2
4 vs 4 Defense
Defense Defense Time % Phy DF OF
1 Calvin de Haan Paul Ladue 60 1 2 2
2 Luca Sbisa Dmitry Sinitsyn 40 1 2 2
Last Minutes Offensive
Center Left Wing Right Wing Defense Defense
Bo Horvat Andre Burakovsky Iiro Pakarinen Calvin de Haan Paul Ladue
Last Minutes Defensive
Center Left Wing Right Wing Defense Defense
Zac Dalpe Andre Burakovsky Iiro Pakarinen Calvin de Haan Paul Ladue
Goaltenders
Starting : Tyson Sexsmith
Backup : Malcolm Subban
Extra Forwards
Normal : Lucas Lessio, Iiro Pakarinen, Andre Burakovsky - PP : Lucas Lessio, Colton Sissons - PK : Andre Burakovsky
Extra Defensemen
Normal : Luca Sbisa, Dmitry Sinitsyn, Calvin de Haan - PP : Brandon Montour - PK : Paul Ladue, Brandon Montour
Penalty Shots
Andre Burakovsky, Bo Horvat, Zac Dalpe, Justin Bailey, Calvin de Haan
Scratches
Jordan Schroeder (Healthy), Shane Prince (Healthy), Jeff Corbett (Healthy), Henri Ikonen (Healthy), Johan Larsson (Healthy)
Tim Erixon (Healthy), Mitchell Moroz (Healthy), Josh Andrerson (Healthy), Jesse Graham (Healthy), Jake Walman (Healthy)
Conner Bleackley (Healthy), Brycen Martin (Healthy), Jaden Lindo (Healthy), Jamie Phillips (Healthy)
Demolitions
5 vs 5 Forward
Center Left Wing Right Wing Time % Phy DF OF
1 Daultan Leveillé Taylor Beck Spencer Machacek 40 1 2 2
2 Andrej Nestrasil Lane MacDermid Dennis Everberg 30 1 2 2
3 Phil McRae Joshua Leivo J.T. Brown 20 1 2 2
4 Christoph Bertschy Phil Di Giuseppe Jared Staal 10 1 2 2
5 vs 5 Defense
Defense Defense Time % Phy DF OF
1 Wiley Sherman Robert Bortuzzo 40 1 2 2
2 Ryan Pulock Taylor Aronson 30 1 2 2
3 Nick Pryor Tommy Vannelli 20 1 2 2
4 Michael Prapavessis Wiley Sherman 10 1 2 2
PowerPlay Forward
Center Left Wing Right Wing Time % Phy DF OF
1 Daultan Leveillé Taylor Beck Spencer Machacek 60 1 2 2
2 Andrej Nestrasil Lane MacDermid Dennis Everberg 40 1 2 2
PowerPlay Defense
Defense Defense Time % Phy DF OF
1 Wiley Sherman Robert Bortuzzo 60 1 2 2
2 Ryan Pulock Taylor Aronson 40 1 2 2
Penalty Kill 4 Players Forward
Center Wing Time % Phy DF OF
1 Spencer Machacek Taylor Beck 60 1 2 2
2 Daultan Leveillé Lane MacDermid 40 1 2 2
Penalty Kill 4 Players Defense
Defense Defense Time % Phy DF OF
1 Wiley Sherman Robert Bortuzzo 60 1 2 2
2 Ryan Pulock Taylor Aronson 40 1 2 2
Penalty Kill - 3 Players Forward
Forward Time % Phy DF OF
1 Spencer Machacek 60 1 2 2
2 Taylor Beck 40 1 2 2
Penalty Kill - 3 Players Defense
Defense Defense Time % Phy DF OF
1 Wiley Sherman Robert Bortuzzo 60 1 2 2
2 Ryan Pulock Taylor Aronson 40 1 2 2
4 vs 4 Forward
Center Wing Time % Phy DF OF
1 Spencer Machacek Taylor Beck 60 1 2 2
2 Daultan Leveillé Lane MacDermid 40 1 2 2
4 vs 4 Defense
Defense Defense Time % Phy DF OF
1 Wiley Sherman Robert Bortuzzo 60 1 2 2
2 Ryan Pulock Taylor Aronson 40 1 2 2
Last Minutes Offensive
Center Left Wing Right Wing Defense Defense
Daultan Leveillé Taylor Beck Spencer Machacek Wiley Sherman Robert Bortuzzo
Last Minutes Defensive
Center Left Wing Right Wing Defense Defense
Daultan Leveillé Taylor Beck Spencer Machacek Wiley Sherman Robert Bortuzzo
Goaltenders
Starting : Antti Raanta
Backup : Brandon Halverson
Extra Forwards
Normal : Aaron Palushaj, Alex Hutchings, Mitch Callahan - PP : Aaron Palushaj, Alex Hutchings - PK : Mitch Callahan
Extra Defensemen
Normal : Nick Pryor, Tommy Vannelli, Michael Prapavessis - PP : Nick Pryor - PK : Tommy Vannelli, Michael Prapavessis
Penalty Shots
Spencer Machacek, Taylor Beck, Daultan Leveillé, Lane MacDermid, Dennis Everberg
Scratches
Thomas DiPauli (Healthy), Jake Muzzin (Back Injury), Nikita Tryamkin (Right Hip Injury), Jaedon Descheneau (Healthy), Alex Stalock (Exhaustion)
Jake Paterson (Healthy), Francois Tremblay (Healthy)
% Time on Ice - Influenza
Lines # - Real PCT - Wanted PCT - Time Play
Normal Forward
1 - 35% - 40% - 18:48
2 - 29% - 30% - 15:17
3 - 21% - 20% - 11:03
4 - 15% - 10% - 8:14
Normal Defense
1 - 39% - 40% - 20:47
2 - 29% - 30% - 15:30
3 - 24% - 20% - 12:55
4 - 8% - 10% - 4:10
PP Forward
1 - 53% - 60% - 2:07
2 - 47% - 40% - 1:51
PP Defense
1 - 64% - 60% - 2:33
2 - 36% - 40% - 1:25
PK Forward
1 - 83% - 60% - 2:12
2 - 18% - 40% - 0:28
PK Defense
1 - 75% - 60% - 2:00
2 - 25% - 40% - 0:40
PK3 Forward
1 - 0% - 60%
2 - 0% - 40%
PK3 Defense
1 - 0% - 60%
2 - 0% - 40%
44 Forward
1 - 0% - 60%
2 - 0% - 40%
44 Defense
1 - 0% - 60%
2 - 0% - 40%
Last Minute Offensive - 0:00
Last Minute Defensive - 0:00
Total
Forward - 60:00
Defense - 60:00
|
% Time on Ice - Demolitions
Lines # - Real PCT - Wanted PCT - Time Play
Normal Forward
1 - 36% - 40% - 19:14
2 - 29% - 30% - 15:16
3 - 23% - 20% - 12:01
4 - 13% - 10% - 6:51
Normal Defense
1 - 37% - 40% - 19:40
2 - 33% - 30% - 17:28
3 - 22% - 20% - 12:00
4 - 8% - 10% - 4:14
PP Forward
1 - 51% - 60% - 1:22
2 - 49% - 40% - 1:18
PP Defense
1 - 60% - 60% - 1:36
2 - 40% - 40% - 1:04
PK Forward
1 - 76% - 60% - 3:01
2 - 24% - 40% - 0:57
PK Defense
1 - 57% - 60% - 2:15
2 - 43% - 40% - 1:43
PK3 Forward
1 - 0% - 60%
2 - 0% - 40%
PK3 Defense
1 - 0% - 60%
2 - 0% - 40%
44 Forward
1 - 0% - 60%
2 - 0% - 40%
44 Defense
1 - 0% - 60%
2 - 0% - 40%
Last Minute Offensive - 0:00
Last Minute Defensive - 0:00
Total
Forward - 60:00
Defense - 60:00
|
Play-by-Play
1st period
0:01 of 1st period - Daultan Leveillé wins face-off versus Bo Horvat in neutral zone.
0:08 of 1st period - Snap shot by Spencer Machacek.
0:08 of 1st period - Goal by Spencer Machacek - Influenza : 0 - Demolitions : 1.
0:09 of 1st period - Justin Bailey wins face-off versus Andrej Nestrasil in neutral zone.
0:16 of 1st period - Snap shot by Colton Sissons.
0:16 of 1st period - Shot Misses the Net.
0:18 of 1st period - Wrist shot by Brandon Montour.
0:18 of 1st period - Stopped by Antti Raanta without a rebound.
0:19 of 1st period - Andrej Nestrasil wins face-off versus Colton Sissons in Demolitions zone.
0:19 of 1st period - Andrej Nestrasil is hit by Luca Sbisa.
0:53 of 1st period - Snap shot by Justin Bailey.
0:53 of 1st period - Shot Blocked by Lane MacDermid.
0:55 of 1st period - Slapshot by Luca Sbisa.
0:55 of 1st period - Shot Misses the Net.
0:57 of 1st period - Slapshot by Luca Sbisa.
0:57 of 1st period - Shot Misses the Net.
1:05 of 1st period - Wrist shot by Colton Sissons.
1:05 of 1st period - Shot Misses the Net.
1:41 of 1st period - Taylor Aronson is hit by Justin Bailey.
1:57 of 1st period - Snap shot by Lucas Lessio.
1:57 of 1st period - Shot Hit the Post.
1:59 of 1st period - Slapshot by Brandon Montour.
1:59 of 1st period - Shot Misses the Net.
2:01 of 1st period - Slapshot by Brandon Montour.
2:01 of 1st period - Stopped by Antti Raanta with a rebound.
2:03 of 1st period - Slapshot by Brandon Montour.
2:03 of 1st period - Stopped by Antti Raanta without a rebound.
2:04 of 1st period - Bo Horvat wins face-off versus Daultan Leveillé in Demolitions zone.
2:05 of 1st period - Wrist shot by Andre Burakovsky.
2:05 of 1st period - Shot Misses the Net.
2:09 of 1st period - Snap shot by Andre Burakovsky.
2:09 of 1st period - Stopped by Antti Raanta with a rebound.
2:11 of 1st period - Slapshot by Paul Ladue.
2:11 of 1st period - Stopped by Antti Raanta without a rebound.
2:12 of 1st period - Daultan Leveillé wins face-off versus Bo Horvat in Demolitions zone.
2:33 of 1st period - Slapshot by Andre Burakovsky.
2:33 of 1st period - Shot Misses the Net.
2:35 of 1st period - Slapshot by Paul Ladue.
2:35 of 1st period - Shot Misses the Net.
2:37 of 1st period - Backhand shot by Calvin de Haan.
2:37 of 1st period - Shot Blocked by Robert Bortuzzo.
2:39 of 1st period - Snap shot by Iiro Pakarinen.
2:39 of 1st period - Goal by Iiro Pakarinen - Influenza : 1 - Demolitions : 1.
2:40 of 1st period - Zac Dalpe wins face-off versus Phil McRae in neutral zone.
4:04 of 1st period - Slapshot by Calvin de Haan.
4:04 of 1st period - Shot Blocked by Ryan Pulock.
4:18 of 1st period - Slapshot by Lucas Lessio.
4:18 of 1st period - Shot Blocked by Lane MacDermid.
4:20 of 1st period - Slapshot by Calvin de Haan.
4:20 of 1st period - Shot Blocked by Dennis Everberg.
4:22 of 1st period - Slapshot by Calvin de Haan.
4:22 of 1st period - Stopped by Antti Raanta with a rebound.
4:24 of 1st period - Wrist shot by Colton Sissons.
4:24 of 1st period - Shot Blocked by Taylor Aronson.
4:26 of 1st period - Slapshot by Paul Ladue.
4:26 of 1st period - Stopped by Antti Raanta without a rebound.
4:27 of 1st period - Phil McRae wins face-off versus Zac Dalpe in Demolitions zone.
4:38 of 1st period - Snap shot by J.T. Brown.
4:38 of 1st period - Shot Blocked by Roland McKeown.
5:12 of 1st period - Off-side.
5:13 of 1st period - Jacob Josefson wins face-off versus Christoph Bertschy in neutral zone.
5:39 of 1st period - Brandon Montour is hit by Phil McRae and loses puck.
6:14 of 1st period - Wrist shot by Nick Ritchie.
6:14 of 1st period - Deflect By Jacob Josefson.
6:14 of 1st period - Stopped by Antti Raanta with a rebound.
6:24 of 1st period - Wrist shot by Phil McRae.
6:24 of 1st period - Stopped by Tyson Sexsmith without a rebound.
6:25 of 1st period - Daultan Leveillé wins face-off versus Bo Horvat in Influenza zone.
6:28 of 1st period - Snap shot by Spencer Machacek.
6:28 of 1st period - Stopped by Tyson Sexsmith with a rebound.
6:31 of 1st period - Icing by Roland McKeown.
6:32 of 1st period - Bo Horvat wins face-off versus Daultan Leveillé in Influenza zone.
6:41 of 1st period - Slapshot by Andre Burakovsky.
6:41 of 1st period - Stopped by Antti Raanta without a rebound.
6:42 of 1st period - Daultan Leveillé wins face-off versus Bo Horvat in Demolitions zone.
7:07 of 1st period - Luca Sbisa is hit by Jared Staal and loses puck.
7:54 of 1st period - Snap shot by Bo Horvat.
7:54 of 1st period - Shot Blocked by J.T. Brown.
8:52 of 1st period - Slapshot by Phil Di Giuseppe.
8:52 of 1st period - Stopped by Tyson Sexsmith without a rebound.
8:53 of 1st period - Andrej Nestrasil wins face-off versus Colton Sissons in Influenza zone.
9:18 of 1st period - Calvin de Haan is hit by J.T. Brown and loses puck.
9:35 of 1st period - Snap shot by Lucas Lessio.
9:35 of 1st period - Shot Misses the Net.
9:49 of 1st period - Slapshot by Luca Sbisa.
9:49 of 1st period - Deflect By Colton Sissons.
9:49 of 1st period - Shot Blocked by Joshua Leivo.
9:49 of 1st period - Puck is out of play.
9:50 of 1st period - Bo Horvat wins face-off versus Daultan Leveillé in Demolitions zone.
10:29 of 1st period - Wrist shot by Kasperi Kapanen.
10:29 of 1st period - Shot Misses the Net.
10:31 of 1st period - Slapshot by Brandon Montour.
10:31 of 1st period - Goal by Brandon Montour - Influenza : 2 - Demolitions : 1.
10:32 of 1st period - Daultan Leveillé wins face-off versus Bo Horvat in neutral zone.
10:46 of 1st period - Slapshot by Bo Horvat.
10:46 of 1st period - Deflect By Andre Burakovsky.
10:46 of 1st period - Shot Blocked by Taylor Beck.
10:46 of 1st period - Puck is out of play.
10:47 of 1st period - Zac Dalpe wins face-off versus Daultan Leveillé in Demolitions zone.
10:50 of 1st period - Snap shot by Zac Dalpe.
10:50 of 1st period - Stopped by Antti Raanta with a rebound.
11:16 of 1st period - Off-side.
11:17 of 1st period - Bo Horvat wins face-off versus Andrej Nestrasil in neutral zone.
11:22 of 1st period - Slapshot by Iiro Pakarinen.
11:22 of 1st period - Shot Blocked by Taylor Aronson.
11:24 of 1st period - Wrist shot by Andre Burakovsky.
11:24 of 1st period - Deflect By Iiro Pakarinen.
11:24 of 1st period - Goal by Iiro Pakarinen - Influenza : 3 - Demolitions : 1.
11:25 of 1st period - Daultan Leveillé wins face-off versus Bo Horvat in neutral zone.
11:54 of 1st period - Off-side.
11:55 of 1st period - Zac Dalpe wins face-off versus Daultan Leveillé in neutral zone.
12:10 of 1st period - Backhand shot by Spencer Machacek.
12:10 of 1st period - Shot Blocked by Paul Ladue.
12:20 of 1st period - Taylor Aronson is hit by Bo Horvat and loses puck.
12:46 of 1st period - Snap shot by J.T. Brown.
12:46 of 1st period - Deflect By Joshua Leivo.
12:46 of 1st period - Stopped by Tyson Sexsmith with a rebound.
12:48 of 1st period - Wrist shot by Phil McRae.
12:48 of 1st period - Deflect By Calvin de Haan.
12:48 of 1st period - Shot Blocked by Calvin de Haan.
12:48 of 1st period - Puck is out of play.
12:49 of 1st period - Daultan Leveillé wins face-off versus Lucas Lessio in Influenza zone.
12:50 of 1st period - Slapshot by Spencer Machacek.
12:50 of 1st period - Shot Misses the Net.
12:57 of 1st period - Minor Penalty to Spencer Machacek for Holding.
12:58 of 1st period - Mitch Callahan wins face-off versus Bo Horvat in Demolitions zone.
12:58 of 1st period - Mitch Callahan is hit by Andre Burakovsky.
13:09 of 1st period - Off-side.
13:10 of 1st period - Mitch Callahan wins face-off versus Bo Horvat in neutral zone.
13:15 of 1st period - Slapshot by Taylor Beck.
13:15 of 1st period - Shot Misses the Net.
13:17 of 1st period - Slapshot by Robert Bortuzzo.
13:17 of 1st period - Shot Blocked by Bo Horvat.
13:19 of 1st period - Wrist shot by Taylor Beck.
13:19 of 1st period - Shot Blocked by Calvin de Haan.
13:21 of 1st period - Wrist shot by Taylor Beck.
13:21 of 1st period - Stopped by Tyson Sexsmith with a rebound.
13:23 of 1st period - Snap shot by Robert Bortuzzo.
13:23 of 1st period - Stopped by Tyson Sexsmith with a rebound.
14:57 of 1st period - Penalty to Spencer Machacek is over, Spencer Machacek is back on ice.
15:03 of 1st period - J.T. Brown is hit by Calvin de Haan and loses puck.
16:15 of 1st period - Icing by Wiley Sherman.
16:16 of 1st period - Colton Sissons wins face-off versus Christoph Bertschy in Demolitions zone.
17:40 of 1st period - Backhand shot by Calvin de Haan.
17:40 of 1st period - Stopped by Antti Raanta with a rebound.
17:42 of 1st period - Slapshot by Calvin de Haan.
17:42 of 1st period - Deflect By Ryan Dzingel.
17:42 of 1st period - Goal by Ryan Dzingel - Influenza : 4 - Demolitions : 1.
17:42 of 1st period - Brandon Halverson enters game.
17:43 of 1st period - Bo Horvat wins face-off versus Daultan Leveillé in neutral zone.
18:31 of 1st period - Wrist shot by J.T. Brown.
18:31 of 1st period - Stopped by Tyson Sexsmith without a rebound.
18:32 of 1st period - Phil McRae wins face-off versus Zac Dalpe in Influenza zone.
19:05 of 1st period - Slapshot by Taylor Beck.
19:05 of 1st period - Shot Misses the Net.
19:07 of 1st period - Wrist shot by Spencer Machacek.
19:07 of 1st period - Stopped by Tyson Sexsmith without a rebound.
19:08 of 1st period - Colton Sissons wins face-off versus Taylor Beck in Influenza zone.
19:48 of 1st period - Snap shot by Bo Horvat.
19:48 of 1st period - Stopped by Brandon Halverson without a rebound.
19:49 of 1st period - Bo Horvat wins face-off versus Phil McRae in Demolitions zone.
19:54 of 1st period - Slapshot by Andre Burakovsky.
19:54 of 1st period - Shot Blocked by Joshua Leivo.
19:56 of 1st period - Snap shot by Brandon Montour.
19:56 of 1st period - Deflect By Andre Burakovsky.
19:56 of 1st period - Stopped by Brandon Halverson with a rebound.
19:58 of 1st period - Snap shot by Iiro Pakarinen.
19:58 of 1st period - Stopped by Brandon Halverson without a rebound.
19:59 of 1st period - Phil McRae wins face-off versus Bo Horvat in Demolitions zone.
Goals for this period are 4 for Influenza vs 1 for Demolitions.
Shots for this period are 18 for Influenza vs 9 for Demolitions.
2nd period
0:01 of 2nd period - Daultan Leveillé wins face-off versus Bo Horvat in neutral zone.
0:08 of 2nd period - Wrist shot by Taylor Beck.
0:08 of 2nd period - Shot Misses the Net.
0:10 of 2nd period - Snap shot by Daultan Leveillé.
0:10 of 2nd period - Shot Misses the Net.
1:39 of 2nd period - Snap shot by Daultan Leveillé.
1:39 of 2nd period - Shot Misses the Net.
2:09 of 2nd period - Roland McKeown is hit by Dennis Everberg.
2:31 of 2nd period - Snap shot by Calvin de Haan.
2:31 of 2nd period - Deflect By Taylor Beck.
2:31 of 2nd period - Stopped by Brandon Halverson with a rebound.
2:53 of 2nd period - Wrist shot by Joshua Leivo.
2:53 of 2nd period - Deflect By Phil McRae.
2:53 of 2nd period - Stopped by Tyson Sexsmith without a rebound.
2:54 of 2nd period - Phil McRae wins face-off versus Colton Sissons in Influenza zone.
2:55 of 2nd period - Wrist shot by J.T. Brown.
2:55 of 2nd period - Shot Misses the Net.
2:58 of 2nd period - Icing by Roland McKeown.
2:59 of 2nd period - Daultan Leveillé wins face-off versus Colton Sissons in Influenza zone.
3:43 of 2nd period - Icing by Tommy Vannelli.
3:44 of 2nd period - Zac Dalpe wins face-off versus Phil McRae in Demolitions zone.
3:53 of 2nd period - Snap shot by Zac Dalpe.
3:53 of 2nd period - Shot Misses the Net.
3:57 of 2nd period - Slapshot by Zac Dalpe.
3:57 of 2nd period - Stopped by Brandon Halverson with a rebound.
4:15 of 2nd period - Wrist shot by Taylor Beck.
4:15 of 2nd period - Shot Misses the Net.
4:17 of 2nd period - Slapshot by Tommy Vannelli.
4:17 of 2nd period - Deflect By Taylor Beck.
4:17 of 2nd period - Shot Blocked by Paul Ladue.
4:17 of 2nd period - Puck is out of play.
4:18 of 2nd period - Spencer Machacek wins face-off versus Colton Sissons in Influenza zone.
4:23 of 2nd period - Snap shot by Daultan Leveillé.
4:23 of 2nd period - Shot Misses the Net.
5:01 of 2nd period - Snap shot by Daultan Leveillé.
5:01 of 2nd period - Shot Misses the Net.
5:03 of 2nd period - Slapshot by Spencer Machacek.
5:03 of 2nd period - Shot Blocked by Brandon Montour.
5:05 of 2nd period - Wrist shot by Daultan Leveillé.
5:05 of 2nd period - Shot Blocked by Iiro Pakarinen.
5:07 of 2nd period - Snap shot by Daultan Leveillé.
5:07 of 2nd period - Shot Misses the Net.
5:09 of 2nd period - Snap shot by Taylor Beck.
5:09 of 2nd period - Shot Misses the Net.
5:11 of 2nd period - Wrist shot by Spencer Machacek.
5:11 of 2nd period - Stopped by Tyson Sexsmith with a rebound.
5:13 of 2nd period - Snap shot by Daultan Leveillé.
5:13 of 2nd period - Stopped by Tyson Sexsmith with a rebound.
5:15 of 2nd period - Slapshot by Wiley Sherman.
5:15 of 2nd period - Shot Misses the Net.
5:17 of 2nd period - Snap shot by Taylor Beck.
5:17 of 2nd period - Shot Blocked by Iiro Pakarinen.
5:21 of 2nd period - Snap shot by Spencer Machacek.
5:21 of 2nd period - Deflect By Daultan Leveillé.
5:21 of 2nd period - Shot Misses the Net.
5:21 of 2nd period - Puck is out of play.
5:22 of 2nd period - Andrej Nestrasil wins face-off versus Colton Sissons in Influenza zone.
5:23 of 2nd period - Snap shot by Dennis Everberg.
5:23 of 2nd period - Shot Blocked by Calvin de Haan.
5:35 of 2nd period - Wrist shot by Dennis Everberg.
5:35 of 2nd period - Shot Misses the Net.
5:37 of 2nd period - Slapshot by Ryan Pulock.
5:37 of 2nd period - Shot Misses the Net.
6:28 of 2nd period - Backhand shot by Dennis Everberg.
6:28 of 2nd period - Stopped by Tyson Sexsmith with a rebound.
6:30 of 2nd period - Wrist shot by Dennis Everberg.
6:30 of 2nd period - Shot Misses the Net.
6:32 of 2nd period - Wrist shot by Tommy Vannelli.
6:32 of 2nd period - Deflect By Tom Kuhnhackl.
6:32 of 2nd period - Stopped by Tyson Sexsmith with a rebound.
6:52 of 2nd period - Slapshot by Calvin de Haan.
6:52 of 2nd period - Stopped by Brandon Halverson with a rebound.
7:34 of 2nd period - Snap shot by Nick Ritchie.
7:34 of 2nd period - Shot Misses the Net.
8:24 of 2nd period - Slapshot by Luca Sbisa.
8:24 of 2nd period - Stopped by Brandon Halverson with a rebound.
8:26 of 2nd period - Snap shot by Brandon Montour.
8:26 of 2nd period - Shot Misses the Net.
8:40 of 2nd period - Snap shot by Iiro Pakarinen.
8:40 of 2nd period - Deflect By Andre Burakovsky.
8:40 of 2nd period - Stopped by Brandon Halverson with a rebound.
9:16 of 2nd period - Icing by Daultan Leveillé.
9:17 of 2nd period - Daultan Leveillé wins face-off versus Jacob Josefson in Demolitions zone.
9:49 of 2nd period - Wrist shot by Dennis Everberg.
9:49 of 2nd period - Shot Misses the Net.
9:51 of 2nd period - Wrist shot by Lane MacDermid.
9:51 of 2nd period - Shot Misses the Net.
9:53 of 2nd period - Wrist shot by Ryan Pulock.
9:53 of 2nd period - Stopped by Tyson Sexsmith with a rebound.
9:55 of 2nd period - Slapshot by Taylor Aronson.
9:55 of 2nd period - Deflect By Lane MacDermid.
9:55 of 2nd period - Stopped by Tyson Sexsmith without a rebound.
9:56 of 2nd period - Phil McRae wins face-off versus Bo Horvat in Influenza zone.
9:56 of 2nd period - Phil McRae is hit by Paul Ladue.
10:22 of 2nd period - Robert Bortuzzo is hit by Paul Ladue and loses puck.
11:06 of 2nd period - Icing by Ryan Dzingel.
11:07 of 2nd period - Zac Dalpe wins face-off versus Phil McRae in Influenza zone.
11:12 of 2nd period - Snap shot by Joshua Leivo.
11:12 of 2nd period - Shot Misses the Net.
11:17 of 2nd period - Off-side.
11:18 of 2nd period - Bo Horvat wins face-off versus Daultan Leveillé in neutral zone.
11:23 of 2nd period - Wrist shot by Andre Burakovsky.
11:23 of 2nd period - Shot Misses the Net.
11:25 of 2nd period - Snap shot by Paul Ladue.
11:25 of 2nd period - Influenza goal is going for a video replay.
11:25 of 2nd period - The goal is good.
11:25 of 2nd period - Goal by Paul Ladue - Influenza : 5 - Demolitions : 1.
11:26 of 2nd period - Daultan Leveillé wins face-off versus Bo Horvat in neutral zone.
11:38 of 2nd period - Off-side.
11:39 of 2nd period - Bo Horvat wins face-off versus Daultan Leveillé in neutral zone.
11:46 of 2nd period - Snap shot by Andre Burakovsky.
11:46 of 2nd period - Stopped by Brandon Halverson with a rebound.
11:48 of 2nd period - Snap shot by Andre Burakovsky.
11:48 of 2nd period - Stopped by Brandon Halverson with a rebound.
11:50 of 2nd period - Wrist shot by Bo Horvat.
11:50 of 2nd period - Shot Misses the Net.
11:52 of 2nd period - Slapshot by Calvin de Haan.
11:52 of 2nd period - Stopped by Brandon Halverson with a rebound.
11:54 of 2nd period - Snap shot by Paul Ladue.
11:54 of 2nd period - Shot Blocked by Spencer Machacek.
12:00 of 2nd period - Minor Penalty to Robert Bortuzzo for Tripping.
12:01 of 2nd period - Bo Horvat wins face-off versus Spencer Machacek in Demolitions zone.
13:36 of 2nd period - Taylor Beck is hit by Bo Horvat and loses puck.
14:00 of 2nd period - Penalty to Robert Bortuzzo is over, Robert Bortuzzo is back on ice.
14:13 of 2nd period - J.T. Brown is hit by Nick Ritchie.
15:54 of 2nd period - Andre Burakovsky is hit by Taylor Beck and loses puck.
16:18 of 2nd period - Lane MacDermid is hit by Iiro Pakarinen and loses puck.
16:25 of 2nd period - Bo Horvat is hit by Wiley Sherman and loses puck.
16:48 of 2nd period - Snap shot by Iiro Pakarinen.
16:48 of 2nd period - Shot Misses the Net.
16:58 of 2nd period - Snap shot by Dennis Everberg.
16:58 of 2nd period - Stopped by Tyson Sexsmith with a rebound.
17:06 of 2nd period - Dennis Everberg is hit by Iiro Pakarinen and loses puck.
17:13 of 2nd period - Wrist shot by Iiro Pakarinen.
17:13 of 2nd period - Goal by Iiro Pakarinen - Influenza : 6 - Demolitions : 1.
17:14 of 2nd period - Colton Sissons wins face-off versus Daultan Leveillé in neutral zone.
17:20 of 2nd period - Lucas Lessio is hit by Taylor Aronson and loses puck.
17:26 of 2nd period - Icing by Justin Bailey.
17:27 of 2nd period - Taylor Beck wins face-off versus Lucas Lessio in Influenza zone.
17:28 of 2nd period - Wrist shot by Spencer Machacek.
17:28 of 2nd period - Stopped by Tyson Sexsmith without a rebound.
17:29 of 2nd period - Daultan Leveillé wins face-off versus Colton Sissons in Influenza zone.
17:36 of 2nd period - Snap shot by Daultan Leveillé.
17:36 of 2nd period - Stopped by Tyson Sexsmith without a rebound.
17:37 of 2nd period - Colton Sissons wins face-off versus Daultan Leveillé in Influenza zone.
17:37 of 2nd period - Colton Sissons is hit by Taylor Beck.
17:49 of 2nd period - Wrist shot by Taylor Beck.
17:49 of 2nd period - Stopped by Tyson Sexsmith without a rebound.
17:50 of 2nd period - Colton Sissons wins face-off versus Daultan Leveillé in Influenza zone.
17:56 of 2nd period - Off-side.
17:57 of 2nd period - Colton Sissons wins face-off versus Daultan Leveillé in neutral zone.
18:11 of 2nd period - Snap shot by Taylor Beck.
18:11 of 2nd period - Shot Blocked by Calvin de Haan.
18:13 of 2nd period - Slapshot by Wiley Sherman.
18:13 of 2nd period - Shot Blocked by Calvin de Haan.
18:44 of 2nd period - Backhand shot by J.T. Brown.
18:44 of 2nd period - Deflect By Phil McRae.
18:44 of 2nd period - Stopped by Tyson Sexsmith with a rebound.
18:54 of 2nd period - J.T. Brown is hit by Paul Ladue and loses puck.
19:11 of 2nd period - Snap shot by Jacob Josefson.
19:11 of 2nd period - Goal by Jacob Josefson - Influenza : 7 - Demolitions : 1.
19:12 of 2nd period - Daultan Leveillé wins face-off versus Bo Horvat in neutral zone.
19:15 of 2nd period - Wrist shot by Taylor Beck.
19:15 of 2nd period - Shot Misses the Net.
19:17 of 2nd period - Slapshot by Wiley Sherman.
19:17 of 2nd period - Shot Blocked by Brandon Montour.
19:19 of 2nd period - Slapshot by Robert Bortuzzo.
19:19 of 2nd period - Stopped by Tyson Sexsmith with a rebound.
Goals for this period are 3 for Influenza vs 0 for Demolitions.
Shots for this period are 11 for Influenza vs 13 for Demolitions.
3rd period
0:01 of 3rd period - Taylor Beck wins face-off versus Bo Horvat in neutral zone.
0:08 of 3rd period - Slapshot by Andre Burakovsky.
0:08 of 3rd period - Shot Misses the Net.
0:16 of 3rd period - Bo Horvat is hit by Daultan Leveillé and loses puck.
0:27 of 3rd period - Wiley Sherman is hit by Justin Bailey and loses puck.
0:32 of 3rd period - Slapshot by Lucas Lessio.
0:32 of 3rd period - Shot Hit the Post.
0:34 of 3rd period - Wrist shot by Justin Bailey.
0:34 of 3rd period - Stopped by Brandon Halverson without a rebound.
0:35 of 3rd period - Colton Sissons wins face-off versus Andrej Nestrasil in Demolitions zone.
1:29 of 3rd period - Off-side.
1:30 of 3rd period - Andrej Nestrasil wins face-off versus Bo Horvat in neutral zone.
1:41 of 3rd period - Snap shot by Iiro Pakarinen.
1:41 of 3rd period - Goal by Iiro Pakarinen - Influenza : 8 - Demolitions : 1.
1:41 of 3rd period - Antti Raanta enters game.
1:42 of 3rd period - Bo Horvat wins face-off versus Daultan Leveillé in neutral zone.
1:50 of 3rd period - Wiley Sherman is hit by Calvin de Haan and loses puck.
2:14 of 3rd period - Calvin de Haan is hit by Andrej Nestrasil and loses puck.
2:38 of 3rd period - Icing by Paul Ladue.
2:39 of 3rd period - Zac Dalpe wins face-off versus Daultan Leveillé in Influenza zone.
2:43 of 3rd period - Off-side.
2:44 of 3rd period - Daultan Leveillé wins face-off versus Bo Horvat in neutral zone.
4:02 of 3rd period - Snap shot by J.T. Brown.
4:02 of 3rd period - Goal by J.T. Brown - Influenza : 8 - Demolitions : 2.
4:03 of 3rd period - Bo Horvat wins face-off versus Daultan Leveillé in neutral zone.
4:05 of 3rd period - Minor Penalty to Andre Burakovsky for Boarding.
4:06 of 3rd period - Zac Dalpe wins face-off versus Daultan Leveillé in Influenza zone.
4:06 of 3rd period - Zac Dalpe is hit by Taylor Beck.
6:05 of 3rd period - Penalty to Andre Burakovsky is over, Andre Burakovsky is back on ice.
6:39 of 3rd period - Snap shot by Justin Bailey.
6:39 of 3rd period - Shot Blocked by Michael Prapavessis.
7:32 of 3rd period - Icing by Roland McKeown.
7:33 of 3rd period - Christoph Bertschy wins face-off versus Jacob Josefson in Influenza zone.
7:38 of 3rd period - Wrist shot by Phil Di Giuseppe.
7:38 of 3rd period - Deflect By Tom Kuhnhackl.
7:38 of 3rd period - Shot Misses the Net.
7:38 of 3rd period - Puck is out of play.
7:39 of 3rd period - Bo Horvat wins face-off versus Spencer Machacek in Influenza zone.
7:44 of 3rd period - Snap shot by Spencer Machacek.
7:44 of 3rd period - Shot Blocked by Calvin de Haan.
7:46 of 3rd period - Slapshot by Tommy Vannelli.
7:46 of 3rd period - Stopped by Tyson Sexsmith with a rebound.
7:48 of 3rd period - Slapshot by Tommy Vannelli.
7:48 of 3rd period - Deflect By Daultan Leveillé.
7:48 of 3rd period - Shot Misses the Net.
7:48 of 3rd period - Puck is out of play.
7:49 of 3rd period - Daultan Leveillé wins face-off versus Bo Horvat in Influenza zone.
8:19 of 3rd period - Snap shot by Spencer Machacek.
8:19 of 3rd period - Goal by Spencer Machacek - Influenza : 8 - Demolitions : 3.
8:20 of 3rd period - Bo Horvat wins face-off versus Daultan Leveillé in neutral zone.
8:45 of 3rd period - Lucas Lessio is hit by Dennis Everberg and loses puck.
8:54 of 3rd period - Wrist shot by Colton Sissons.
8:54 of 3rd period - Shot Blocked by Lane MacDermid.
9:16 of 3rd period - Snap shot by Phil McRae.
9:16 of 3rd period - Goal by Phil McRae - Influenza : 8 - Demolitions : 4.
9:17 of 3rd period - Bo Horvat wins face-off versus Daultan Leveillé in neutral zone.
9:31 of 3rd period - Slapshot by Daultan Leveillé.
9:31 of 3rd period - Deflect By Luca Sbisa.
9:31 of 3rd period - Shot Misses the Net.
9:31 of 3rd period - Puck is out of play.
9:32 of 3rd period - Lane MacDermid wins face-off versus Colton Sissons in Influenza zone.
9:44 of 3rd period - Minor Penalty to Lucas Lessio for High sticking.
9:45 of 3rd period - Daultan Leveillé wins face-off versus Zac Dalpe in Influenza zone.
10:15 of 3rd period - Slapshot by Robert Bortuzzo.
10:15 of 3rd period - Shot Misses the Net.
10:17 of 3rd period - Wrist shot by Lane MacDermid.
10:17 of 3rd period - Goal by Lane MacDermid - Influenza : 8 - Demolitions : 5.
10:18 of 3rd period - Bo Horvat wins face-off versus Daultan Leveillé in neutral zone.
10:21 of 3rd period - Snap shot by Iiro Pakarinen.
10:21 of 3rd period - Shot Misses the Net.
10:23 of 3rd period - Slapshot by Bo Horvat.
10:23 of 3rd period - Stopped by Antti Raanta without a rebound.
10:24 of 3rd period - Bo Horvat wins face-off versus Daultan Leveillé in Demolitions zone.
10:29 of 3rd period - Snap shot by Iiro Pakarinen.
10:29 of 3rd period - Shot Blocked by Daultan Leveillé.
10:31 of 3rd period - Slapshot by Paul Ladue.
10:31 of 3rd period - Stopped by Antti Raanta without a rebound.
10:32 of 3rd period - Bo Horvat wins face-off versus Spencer Machacek in Demolitions zone.
11:06 of 3rd period - Icing by Luca Sbisa.
11:07 of 3rd period - Taylor Beck wins face-off versus Colton Sissons in Influenza zone.
11:50 of 3rd period - Backhand shot by Colton Sissons.
11:50 of 3rd period - Deflect By Lucas Lessio.
11:50 of 3rd period - Goal by Lucas Lessio - Influenza : 9 - Demolitions : 5.
11:51 of 3rd period - Daultan Leveillé wins face-off versus Bo Horvat in neutral zone.
12:06 of 3rd period - Wrist shot by Taylor Beck.
12:06 of 3rd period - Shot Blocked by Dmitry Sinitsyn.
12:39 of 3rd period - Wrist shot by Robert Bortuzzo.
12:39 of 3rd period - Shot Blocked by Lucas Lessio.
12:49 of 3rd period - Wrist shot by J.T. Brown.
12:49 of 3rd period - Shot Misses the Net.
13:09 of 3rd period - Snap shot by Tom Kuhnhackl.
13:09 of 3rd period - Stopped by Antti Raanta with a rebound.
13:23 of 3rd period - Wrist shot by Spencer Machacek.
13:23 of 3rd period - Stopped by Tyson Sexsmith with a rebound.
13:25 of 3rd period - Wrist shot by Daultan Leveillé.
13:25 of 3rd period - Stopped by Tyson Sexsmith with a rebound.
13:30 of 3rd period - Snap shot by Daultan Leveillé.
13:30 of 3rd period - Shot Blocked by Andre Burakovsky.
14:14 of 3rd period - Snap shot by Jacob Josefson.
14:14 of 3rd period - Shot Misses the Net.
14:16 of 3rd period - Snap shot by Nick Ritchie.
14:16 of 3rd period - Stopped by Antti Raanta with a rebound.
14:56 of 3rd period - Slapshot by Andre Burakovsky.
14:56 of 3rd period - Stopped by Antti Raanta with a rebound.
14:58 of 3rd period - Slapshot by Dmitry Sinitsyn.
14:58 of 3rd period - Shot Blocked by Taylor Beck.
15:18 of 3rd period - Slapshot by Zac Dalpe.
15:18 of 3rd period - Stopped by Antti Raanta with a rebound.
15:55 of 3rd period - Snap shot by Colton Sissons.
15:55 of 3rd period - Stopped by Antti Raanta with a rebound.
18:02 of 3rd period - Dennis Everberg is hit by Dmitry Sinitsyn and loses puck.
18:25 of 3rd period - Wrist shot by J.T. Brown.
18:25 of 3rd period - Stopped by Tyson Sexsmith with a rebound.
18:36 of 3rd period - Icing by Wiley Sherman.
18:37 of 3rd period - Iiro Pakarinen wins face-off versus Phil McRae in Demolitions zone.
18:48 of 3rd period - Snap shot by Andre Burakovsky.
18:48 of 3rd period - Stopped by Antti Raanta without a rebound.
18:49 of 3rd period - Daultan Leveillé wins face-off versus Bo Horvat in Demolitions zone.
18:54 of 3rd period - Snap shot by Daultan Leveillé.
18:54 of 3rd period - Stopped by Tyson Sexsmith without a rebound.
18:55 of 3rd period - Daultan Leveillé wins face-off versus Andre Burakovsky in Influenza zone.
19:10 of 3rd period - Wrist shot by Spencer Machacek.
19:10 of 3rd period - Stopped by Tyson Sexsmith with a rebound.
19:37 of 3rd period - Wrist shot by Spencer Machacek.
19:37 of 3rd period - Stopped by Tyson Sexsmith with a rebound.
19:39 of 3rd period - Wrist shot by Spencer Machacek.
19:39 of 3rd period - Stopped by Tyson Sexsmith with a rebound.
19:43 of 3rd period - Wrist shot by Taylor Beck.
19:43 of 3rd period - Stopped by Tyson Sexsmith without a rebound.
19:44 of 3rd period - Andrej Nestrasil wins face-off versus Colton Sissons in Influenza zone.
19:49 of 3rd period - Snap shot by Andrej Nestrasil.
19:49 of 3rd period - Shot Misses the Net.
19:51 of 3rd period - Minor Penalty to Paul Ladue for Tripping.
19:52 of 3rd period - Andrej Nestrasil wins face-off versus Zac Dalpe in Influenza zone.
Goals for this period are 2 for Influenza vs 4 for Demolitions.
Shots for this period are 11 for Influenza vs 13 for Demolitions.
Back to the Top